 Dungeon Crawl Stone Soup version 0.15-a0-462-gf669498 (webtiles) character file.

191 Infinimo the Chucker (level 4, 0/48 HPs)
             Began as an Ogre Hunter on May 6, 2014.
             Slain by an orc
             ... wielding a +1,+1 falchion
              (6 damage)
             ... on Level 2 of the Dungeon.
             The game lasted 00:04:49 (2421 turns).

Infinimo the Chucker (Ogre Hunter)                  Turns: 2421, Time: 00:04:49

HP   0/48        AC  4     Str 18      XL: 4   Next: 43%
MP   4/4         EV 10     Int 10      God:
Gold 109         SH  0     Dex 10      Spells:  0 memorised,  3 levels left

rFire  . . .     SeeInvis .     a - +1 club
rCold  . . .     Clarity  .     d - +1 animal skin
rNeg   . . .     Conserve .     (shield restricted)
rPois  .         rCorr    .     (helmet restricted)
rElec  .         rRot     .     (no cloak)
SustAb . .       Spirit   .     (gloves unavailable)
rMut   .         Warding  .     (boots unavailable)
Saprov + . .     Stasis   .     (no amulet)
MR     .....                    (no ring)
                                (no ring)

@: not resistant to hostile enchantments, very unstealthy
A: unfitting armour, fast metabolism 1, saprovore 1, tough skin 1
a: no special abilities


You were on level 2 of the Dungeon.
You were near starving.

You visited 1 branch of the dungeon, and saw 3 of its levels.

You collected 109 gold pieces.

Inventory:

Hand weapons
 a - a +1,+1 club (weapon)
Missiles
 t - 8 stones (quivered)
Armour
 d - a +1 animal skin (worn)
Comestibles
 f - 2 meat rations
 g - a choko
 n - an apple
 r - a bread ration
Scrolls
 e - a scroll of fog {unknown}
 i - 2 scrolls of remove curse {unknown}
 k - 5 scrolls of identify
 m - a scroll of immolation {unknown}
 o - 2 scrolls of fear
 v - a scroll of magic mapping {unknown}
Jewellery
 u - an uncursed ring of see invisible {unknown}
Potions
 h - a potion of heal wounds
 j - 2 potions of degeneration {unknown}
 l - 2 potions of might {unknown}
 q - a potion of restore abilities {unknown}
 s - a potion of invisibility {unknown}


   Skills:
 + Level 4.2 Fighting
 - Level 1.3 Maces & Flails
 * Level 5.6 Throwing
 - Level 1.7 Dodging
 - Level 0.7 Stealth


You had 3 spell levels left.
You didn't know any spells.

Dungeon Overview and Level Annotations

Branches:
Dungeon (3/15)

Altars:


Innate Abilities, Weirdness & Mutations

You are too large for most types of armour.
You have a fast metabolism.
You can tolerate rotten meat.
You have tough skin (AC +1).


Message History

Aim: an orc, wielding a falchion and wearing a chain mail (lightly wounded)
You throw a dart.
The dart hits the orc but does no damage.
The orc is lightly wounded.
Throwing (i - inventory. (,) - cycle):
p - a dart (quivered)
Press: ? - help, Shift-Dir - straight line, f/p - orc
Aim: an orc, wielding a falchion and wearing a chain mail (lightly wounded)
You throw a dart.
The dart hits the orc but does no damage.
The orc is lightly wounded.
The orc hits you with a falchion.
* * * LOW HITPOINT WARNING * * *
Unknown command.
The orc is lightly wounded.
The orc is lightly wounded.
The orc hits you with a falchion!
* * * LOW HITPOINT WARNING * * *
The orc is moderately wounded.
The orc hits you with a falchion.
You die...

##### #########
....############### #.......#
......##..........# #.......#
....#.##..........# #.......#
....#.##........@o####.......#
....#..#..........'.##.......#
....##.#..........#.##.......#
....##.'..........#..#.......#
....####..........##.#.......#
....# #%.........##.'.......#
##### ########'######.....<.#
#.....# #####'### ##+#####
#..>#


You could see an orc.

Vanquished Creatures
  2 adders (D:2)
  A worm (D:2)
  3 giant geckos (D:2)
  2 ball pythons (D:1)
  9 bats
  5 goblins (D:1)
  3 hobgoblins (D:1)
  7 jackals
  5 kobolds
  2 quokkas (D:2)
  2 giant newts
  10 rats
51 creatures vanquished.

Notes
Turn   | Place    | Note
--------------------------------------------------------------
     0 | D:1      | Infinimo, the Ogre Hunter, began the quest for the Orb.
     0 | D:1      | Reached XP level 1. HP: 22/22 MP: 1/1
   305 | D:1      | Reached XP level 2. HP: 26/31 MP: 2/2
  1081 | D:1      | Reached XP level 3. HP: 32/37 MP: 3/3
  1166 | D:1      | Reached skill level 5 in Throwing
  1921 | D:2      | Reached XP level 4. HP: 48/48 MP: 4/4
  2421 | D:2      | Slain by an orc

Action                   |  1- 3 |  4- 6 || total
-------------------------+-------+-------++-------
Melee: Club              |   176 |    34 ||   210
Throw: Large rock        |     7 |     7 ||    14
       Dart              |       |     8 ||     8
       Throwing net      |       |     2 ||     2
  Use: Scroll            |     8 |       ||     8
       Potion            |       |     1 ||     1
